 Dungeon Crawl Stone Soup version 0.28.0-43-g3370ac3207 (webtiles) character file.

Game seed: 16567678466518781562

4838 issech the Chopper (level 10, -1/88 HPs)
             Began as a Troll Monk on Mar 28, 2022.
             Was a Priest of Hepliaklqana.
             Killed from afar by Erica (20 damage)
             ... with a lance of force
             ... on level 8 of the Dungeon.
             The game lasted 00:26:59 (7834 turns).

issech the Chopper (Troll Monk)                     Turns: 7834, Time: 00:26:59

Health: -1/88      AC:  7    Str: 21    XL:     10   Next: 25%
Magic:  9/9        EV: 12    Int:  6    God:    Hepliaklqana [***...]
Gold:   695        SH:  0    Dex: 16    Spells: 9/9 levels left

rFire   . . .      SeeInvis .   N - +0 giant club
rCold   . . .      Faith    .   (shield currently unavailable)
rNeg    . . .      Spirit   .   R - +0 troll leather armour
rPois   .          Reflect  .   (helmet restricted)
rElec   .          Harm     .   l - +0 cloak
rCorr   +          Rampage  .   (gloves unavailable)
Will    .....                   (boots unavailable)
Stlth   ++........              (no amulet)
HPRegen 1.84/turn               p - ring of resist corrosion
MPRegen 0.11/turn               v - ring of resist corrosion

@: lethally poisoned (-1 -> -2), slowed, very slow
A: reduced essence, large, unfitting armour, claws 3, regeneration 1, shaggy fur
1, tough skin 1
a: Renounce Religion, Recall Ancestor, Ancestor Identity, Transference


You were on level 8 of the Dungeon.
You worshipped Hepliaklqana.
Hepliaklqana was most pleased with you.
You visited 1 branch of the dungeon, and saw 9 of its levels.
You also visited: Ossuary.

You collected 695 gold pieces.

Inventory:

Hand Weapons
 a - a +0 mace
 d - a +0 dagger of venom
 k - a +2 vampiric dagger
 s - a +2 vampiric hand axe
 t - a +0 flail
 A - a +0 mace of holy wrath
 N - a +0 giant club (weapon)
 Q - a +0 fustibalus
 V - a +0 morningstar
 X - a +0 hand crossbow
Missiles
 c - 126 stones (quivered)
 m - 135 arrows
 r - 2 boomerangs
 w - 20 poisoned darts
 y - 9 sling bullets
 P - 47 bolts
 U - a curare-tipped dart
Armour
 b - a +0 robe
 i - a +0 robe
 l - a +0 cloak (worn)
 R - a +0 troll leather armour (worn)
Magical Staves
 n - a staff of cold
Jewellery
 p - a ring of resist corrosion (left claw)
 v - a ring of resist corrosion (right claw)
Wands
 M - a wand of paralysis (4)
 T - a wand of flame (5)
Scrolls
 e - 3 scrolls of identify
 f - 2 scrolls of silence
 u - a scroll of holy word
 B - a scroll of enchant weapon
 D - a scroll of fog
 E - a scroll of immolation
 H - a scroll of vulnerability
 O - 3 scrolls of summoning
 S - a scroll of teleportation {unknown}
 W - a scroll of acquirement {unknown}
Potions
 g - 10 potions of curing {unknown}
 h - a potion of mutation {unknown}
 j - a potion of lignification {unknown}
 o - 6 potions of brilliance {unknown}
 q - a potion of heal wounds {unknown}
 x - 3 potions of might {unknown}
 z - a potion of flight {unknown}
 C - a potion of magic {unknown}
 F - a potion of attraction {unknown}
 G - a potion of haste {unknown}
 I - 2 potions of degeneration {unknown}
 J - a potion of invisibility {unknown}
 K - 2 potions of resistance {unknown}
 L - a potion of ambrosia {unknown}


   Skills:
 + Level 6.2 Fighting
 + Level 7.0(8.1) Axes
 + Level 6.8(8.5) Maces & Flails
 + Level 1.7 Armour
 + Level 5.9 Dodging
 + Level 2.7 Stealth


You had 9 spell levels left.
You didn't know any spells.
Your spell library contained the following spells:

 Spells                   Type           Power      Damage    Failure   Level
 Magic Dart               Conj           0%         1d3       50%         1
 Blink                    Tloc           0%         N/A       65%         2
 Call Imp                 Summ           0%         N/A       65%         2
 Gell's Gravitas          Tloc           0%         N/A       86%         3
 Ignite Poison            Fire/Tmut/Pois 0%         N/A       86%         3
 Lesser Beckoning         Tloc           0%         N/A       86%         3
 Mephitic Cloud           Conj/Pois/Air  0%         N/A       86%         3
 Teleport Other           Tloc           0%         N/A       86%         3
 Freezing Cloud           Conj/Ice/Air   0%         6-21      100%        5
 Manifold Assault         Tloc           0%         N/A       100%        5
 Dispersal                Tloc           0%         N/A       100%        6


Dungeon Overview and Level Annotations

Branches:
Dungeon (9/15)             Temple (0/1) D:6         Ossuary (visited)
   Lair: D:8-11         Orc: D:9-12

Altars:
Fedhas
Hepliaklqana
Makhleb
Nemelex Xobeh
The Shining One

Shops:
D:7 *!   D:8 =

Annotations:
D:8 Erica


Innate Abilities, Weirdness & Mutations

Your life essence is reduced to manifest your ancestor. (-10% HP)
You are too large for most types of armour.
You have claws for hands.
Your natural rate of healing is unusually fast.
You are covered in fur. (AC +1)
You have tough skin. (AC +1)


Message History

The bolt of poison misses you. The gnoll closely misses you.
The gnoll hits you from afar with a +0 spear.
Hori gestures at Erica while chanting.
The stone arrow hits Erica!
You feel sick.
There is a stone staircase leading up, spattered with blood here.
Unknown command.
You feel sick. Erica closely misses you.
Hori hits Erica with a +0 quarterstaff!
Erica hits you with a +2 scimitar of flaming!
Erica burns you.
Hori barely misses Erica.
The gnoll closely misses you.
You climb upwards.
You feel sick.
You are no longer poisoned.
There is a stone staircase leading down, spattered with blood here.
You closely miss Erica.
Erica is heavily wounded.
Erica casts a spell at you. The lance of force hits you!!
You are knocked back by the lance of force.
You slam into the rock wall!
* * * LOW HITPOINT WARNING * * *
You sock Erica!
Erica is severely wounded.
Erica barely misses you.
You barely miss Erica.
Erica is severely wounded.
Erica mumbles some strange words.
Erica flickers and vanishes!
Deactivating autopickup; reactivate with Ctrl-A.
You hear some strange, mumbled words.
A bolt of poison appears from out of thin air!
The bolt of poison hits you!
You are poisoned.
* * * LOW HITPOINT WARNING * * *
You miss something.
You feel very sick.
You hear some strange, mumbled words.
A lance of force appears from out of thin air!
The lance of force hits you!!
You die...

#.# #..#.# ##..# #.# #....# ##.#
#.# ######...## #.# #.#
#........# #># #.# #.#####..#
#.# #.# #.# #..# #.# #.# #.#
#..# ##.##
####.#####.#####..##### ##...##
#..............@.)....###.###.##
#.##............{†###.##.## ##.#
#.#######.#######.# #....# #..
#.# ###.#######.# ####.## ##.#
##.# #...........# ##.###..#
##.# #.#.######..# ##...#.# ##.#
###.#.# #..## #####.#
...###...#.# #...# #######.#
.......#.#.## #.#.# #....)...


There were no monsters in sight!

Vanquished Creatures
  An unseen horror (D:7)
  A troll (D:8)
  2 hornets (D:8)
  Prince Ribbit (D:6)
  A wyvern (D:8)
  A basilisk (D:8)
  5 yaks (D:8)
  A steam dragon (D:7)
  An ogre (D:6)
  A centaur (D:6)
  A phantom (D:6)
  A kobold brigand (D:8)
  A gnoll sergeant (D:9)
  2 bullfrogs
  2 scorpions
  3 wights (D:8)
  A howler monkey (D:4)
  A bullfrog zombie (D:7)
  A hound (D:4)
  2 orc priests
  A centaur skeleton (D:4)
  Natasha (thrice) (D:3)
  An orc wizard (D:7)
  A hound skeleton (D:4)
  3 mummies (Ossuary)
  2 howler monkey zombies (D:8)
  4 gnolls
  9 adders
  A white imp (D:7)
  A worm (D:3)
  A dart slug (D:2)
  16 orcs
  3 ball pythons
  6 bats
  3 endoplasms
  A giant cockroach (D:4)
  3 goblins (D:2)
  7 hobgoblins
  4 jackals (D:2)
  7 kobolds
  A quokka (D:2)
  6 frilled lizards
  3 orc zombies (Ossuary)
  8 rats
125 creatures vanquished.

Vanquished Creatures (collateral kills)
  A wyvern (D:7)
  A yak (D:8)
  A water moccasin (D:5)
  An orc warrior (D:6)
  An ice beast (D:7)
  A phantom (D:5)
  A kobold brigand (D:8)
  A gnoll sergeant (D:8)
  A bullfrog (D:8)
  A wight (D:8)
  A howler monkey (D:7)
  2 hounds
  An orc priest (D:7)
  2 bullfrog skeletons (D:6)
  An iguana (D:5)
  2 orc wizards
  2 killer bee zombies
  6 mummies
  6 gnolls
  An adder (D:5)
  A white imp (D:6)
  10 orcs
  A gnoll zombie (Ossuary)
  A kobold (D:8)
  2 hobgoblin zombies (Ossuary)
  A kobold zombie (Ossuary)
  An orc zombie (Ossuary)
51 creatures vanquished.

Vanquished Creatures (others)
  An orc wizard (D:6)
  2 battlemagi
3 creatures vanquished.

Grand Total: 179 creatures vanquished

Notes
Turn   | Place    | Note
-------+----------+-------------------------------------------
     0 | D:1      | issech the Troll Monk began the quest for the Orb.
     0 | D:1      | Reached XP level 1. HP: 22/22 MP: 0/0
   353 | D:1      | Reached XP level 2. HP: 29/29 MP: 1/1
   475 | D:1      | Found a faded altar of an unknown god.
   895 | D:2      | Reached XP level 3. HP: 36/36 MP: 2/2
  1282 | D:2      | Reached XP level 4. HP: 44/44 MP: 3/3
  1768 | D:3      | Reached XP level 5. HP: 50/53 MP: 4/4
  1843 | D:3      | Noticed Natasha
  1853 | D:3      | Killed Natasha
  1863 | D:3      | Noticed Natasha
  1892 | D:3      | Killed Natasha
  2033 | D:3      | Noticed Natasha
  2045 | D:3      | Killed Natasha
  2046 | D:3      | Reached skill level 1 in Axes
  2428 | D:4      | Reached XP level 6. HP: 57/61 MP: 5/5
  2440 | D:4      | Found a blossoming altar of Fedhas.
  2690 | D:4      | Reached skill level 2 in Axes
  3128 | D:4      | Found a hazy altar of Hepliaklqana.
  3139 | D:4      | Became a worshipper of Hepliaklqana the Forgotten
  3139 | D:4      | Reached * piety under Hepliaklqana
  3139 | D:4      | Reached ** piety under Hepliaklqana
  3140 | D:4      | Remembered your ancestor Hori as a battlemage
  3410 | D:5      | Entered Level 5 of the Dungeon
  3509 | D:5      | Reached skill level 3 in Axes
  3509 | D:5      | Reached XP level 7. HP: 55/60 MP: 6/6
  4017 | D:5      | Found Aguroh's Jewellery Shoppe.
  4644 | D:5      | Reached skill level 4 in Axes
  4726 | D:6      | Found a staircase to the Ecumenical Temple.
  4820 | D:6      | Noticed Prince Ribbit
  4828 | D:6      | Killed Prince Ribbit
  4829 | D:6      | Reached XP level 8. HP: 50/70 MP: 7/7
  4874 | D:6      | Reached skill level 5 in Axes
  4940 | D:6      | Found a sand-covered staircase.
  4946 | Ossuary  | Entered an ossuary
  5591 | D:7      | Reached skill level 6 in Axes
  5712 | D:7      | Reached skill level 5 in Fighting
  5712 | D:7      | Reached skill level 5 in Dodging
  5712 | D:7      | Reached XP level 9. HP: 59/79 MP: 8/8
  5816 | D:7      | Found a burning altar of Makhleb.
  5818 | D:7      | Noticed a green death
  5823 | D:7      | Noticed a smoke demon
  5895 | D:7      | Found Koobepp's Distillery.
  5964 | D:7      | Found Kerif's General Store.
  6022 | D:7      | Killed an unseen horror
  6390 | D:8      | Reached *** piety under Hepliaklqana
  6435 | D:8      | Noticed a troll
  6449 | D:8      | Killed a troll
  6450 | D:8      | Reached skill level 5 in Maces & Flails
  6626 | D:8      | Found a sparkling altar of Nemelex Xobeh.
  6787 | D:8      | Reached skill level 7 in Axes
  6873 | D:8      | Reached XP level 10. HP: 28/88 MP: 9/9
  6978 | D:8      | Reached skill level 1 in Armour
  7007 | D:8      | Found Udamoh's Jewellery Boutique.
  7118 | D:8      | Paralysed by a hornet for 2 turns
  7449 | D:8      | Found a glowing golden altar of the Shining One.
  7646 | D:8      | Paralysed by a hornet for 2 turns
  7690 | D:9      | Noticed Erica
  7834 | D:8      | Killed from afar by Erica

Illustrated notes

Levels and vault maps discovered:
D:1:      nicolae_arrival_washed_ashore, layout_rooms,
          dreamdust_ecumenical_altar_statues
D:2:      layout_loops_ring, corexii_item_surrounded_by_moat,
          kennysheep_big_empty_room
D:3:      layout_loops_ring, minmay_strange_pillars, kennysheep_generic_room_11,
          uniq_natasha
D:4:      layout_cave_pods, mainiacjoe_overflow_paths, fedhas_ov_isle_minmay,
          minmay_misc_feat_doors, wad_floor_pattern_untrapped
D:5:      layout_basic, serial_shops, nicolae_lakefront_shop
D:6:      layout_rooms, temple_pool_b, gup_ossuary_entry_pyramid,
          uniq_prince_ribbit1
D:7:      layout_loops_cross, makhleb_altar_promises_db, serial_shops,
          nicolae_shop_waterfront, nicolae_shop_hallway_plus
D:8:      layout_loops_ring, mainiacjoe_overflow_alcove_2,
          nemelex_diamond_rough_becter, serial_shops, kennysheep_mini_moat
D:9:      layout_rooms, kennysheep_vampire_church, hellmonk_guarded_unrand_zhor,
          uniq_erica

Skill      XL: |  1  2  3  4  5  6  7  8  9 10 |
---------------+-------------------------------+-----
Maces & Flails | 3 4 6 |  6.8
Dodging        | 3 4 5 |  5.9
Fighting       | 3 4 5 6 |  6.2
Axes           | 1 3 4 6 7 |  7.0
Stealth        | 2 |  2.7
Armour         | 1 |  1.7

Action                   |  1- 3 |  4- 6 |  7- 9 | 10-12 || total
-------------------------+-------+-------+-------+-------++-------
Melee: Mace              |   122 |    44 |    34 |       ||   200
       Punch             |     2 |     7 |     2 |       ||    11
       Hand axe          |       |   185 |   120 |       ||   305
       Giant club        |       |       |    46 |    40 ||    86
Invok: Ancestor Life: Ba |       |     1 |       |       ||     1
       Recall Ancestor   |       |       |     1 |       ||     1
  Use: Scroll            |       |       |     7 |       ||     7
 Stab: Sleeping          |     1 |       |     1 |       ||     2
       Distracted        |       |       |     2 |     3 ||     5
Armor: Robe              |    65 |    64 |    38 |       ||   167
       Troll leather arm |       |       |    10 |    11 ||    21
Dodge: Dodged            |   109 |   131 |   138 |    35 ||   413
